 Dungeon Crawl Stone Soup version 0.24.0 (webtiles) character file.

Game seed: 3240863120961153733, levelgen mode: deterministic

374 Buxparty the Shield-Bearer (level 6, -13/39 HPs)
             Began as a Gargoyle Fighter on Feb 14, 2020.
             Was a Plaything of Xom.
             Blown up by Ijyb (26 damage)
             ... with a disintegration bolt
             ... on level 3 of the Dungeon.
             The game lasted 00:06:11 (2792 turns).

Buxparty the Shield-Bearer (Gargoyle Fighter)       Turns: 2792, Time: 00:06:12

Health: -13/39     AC: 11    Str: 21    XL:     6   Next: 72%
Magic:  6/6        EV:  7    Int:  9    God:    Xom [..*...]
Gold:   162        SH:  9    Dex:  9    Spells: 5/5 levels left

rFire    . . .     SeeInvis .   a - +0 long sword
rCold    . . .     Gourm    .   c - +0 shield
rNeg     + . .     Faith    .   b - +0 scale mail
rPois    ∞         Spirit   .   (no helmet)
rElec    +         Reflect  .   (no cloak)
rCorr    .         Harm     .   (no gloves)
MR       .....                  (no boots)
Stlth    ..........             l - amulet of rage
HPRegen  0.13/turn              (no ring)
MPRegen  0.10/turn              (no ring)

@: no status effects
A: claws 1, talons 1, mutation resistance 1, negative energy resistance 1,
electricity resistance, unbreathing, petrification resistance, rot immunity, AC
+4
a: Renounce Religion, Evoke Berserk Rage


You were on level 3 of the Dungeon.
You worshipped Xom.
You were a toy of Xom.
You were not hungry.

You visited 1 branch of the dungeon, and saw 4 of its levels.

You collected 162 gold pieces.

Inventory:

Hand Weapons
 a - a +0 long sword (weapon)
Missiles
 r - 7 poisoned darts (quivered)
Armour
 b - a +0 scale mail (worn)
 c - a +0 shield (worn)
Jewellery
 l - an amulet of rage (around neck)
Scrolls
 e - 5 scrolls of amnesia {unknown}
 i - 3 scrolls of magic mapping {unknown}
 n - 3 scrolls of identify {unknown}
 o - 2 scrolls of enchant armour {unknown}
 q - a scroll of fear {unknown}
 s - 2 scrolls of remove curse {unknown}
 t - 2 scrolls of teleportation {unknown}
Potions
 d - a potion of might
 g - 5 potions of curing {unknown}
 h - 2 potions of flight {unknown}
 j - a potion of brilliance {unknown}
 k - 2 potions of ambrosia {unknown}
 m - 2 potions of agility {unknown}
 p - a potion of degeneration {unknown}
 u - a potion of magic {unknown}
Comestibles
 f - 6 rations


   Skills:
 + Level 4.6 Fighting
 * Level 4.1 Long Blades
 + Level 4.5 Armour
 + Level 4.7 Shields


You had 5 spell levels left.
You didn't know any spells.
Your spell library was empty.

Dungeon Overview and Level Annotations

Branches:
Dungeon (4/15)
 Temple: D:4-7

Altars:
Hepliaklqana
Xom

Annotations:
D:3 Ijyb


Innate Abilities, Weirdness & Mutations

You are resistant to torment.
Your stone body is resilient. (AC +4)
You are immune to poison.
You resist negative energy. (rN+)
You are resistant to electric shocks. (rElec)
You can survive without breathing.
You are immune to petrification.
You are immune to rotting.
You have sharp fingernails.
You have sharp toenails.
You are somewhat resistant to further mutation.


Message History

f - 6 rations (gained 1)
You open the door.
Found a stone staircase leading up.
There is an open door here.
g - 5 bubbling sapphire potions (gained 1) Ijyb the Twisted Goblin comes into view.
She is carrying a wand of disintegration (5).
Ijyb shouts!
Ijyb zaps a wand.
You are blasted!
Ouch! That really hurt!
Found a scroll labeled KUNTO EBLENNO.
You are too injured to fight recklessly!
You are too injured to fight recklessly!
There is a stone staircase leading up here.
Ijyb hits you but does no damage.
You climb upwards.
There is a stone staircase leading down here.
Ijyb zaps a wand.
You are blasted!
Ouch! That really hurt!
You die...
Xom titters!

#.##..##.# ##'## #
#.###.##.# #.# # #.#
#.##.# #.# # #.###.##.#
##.## # #........#
####...#### #
#####.####
#.........###### #.#
#..#............
#.######.#.#.#.#.######
#.....@>......##.#
########g##..###.#
#.#######.# #.........#
###########


You could see Ijyb.

Vanquished Creatures
  2 orc wizards (D:3)
  3 jellies (D:2)
  9 adders
  11 oozes (D:2)
  A worm (D:2)
  3 dart slugs
  2 leopard geckos (D:2)
  6 orcs (D:3)
  A ball python (D:3)
  9 bats
  2 giant cockroaches
  10 goblins
  7 hobgoblins
  3 jackals (D:3)
  A quokka (D:2)
  A frilled lizard (D:2)
  A jackal skeleton (D:4)
  15 kobolds
  2 rats
89 creatures vanquished.

Vanquished Creatures (others)
  5 fungi (D:2)
  10 toadstools (D:2)
15 creatures vanquished.

Grand Total: 104 creatures vanquished

Notes
Turn   | Place    | Note
-------+----------+-------------------------------------------
     0 | D:1      | Buxparty the Gargoyle Fighter began the quest for the Orb.
     0 | D:1      | Reached XP level 1. HP: 14/14 MP: 1/1
   240 | D:1      | Reached XP level 2. HP: 14/19 MP: 2/2
   806 | D:2      | Reached XP level 3. HP: 20/23 MP: 3/3
   830 | D:2      | Found a faded altar of an unknown god.
   848 | D:2      | Became a worshipper of Xom of Bone-Dry Humour
   911 | D:2      | XOM: potion effect (invisibility)
   929 | D:2      | XOM: divination: detect items
  1021 | D:2      | Reached XP level 4. HP: 26/29 MP: 4/4
  1022 | D:2      | XOM: butterfly on damage
  1129 | D:2      | Reached XP level 5. HP: 21/33 MP: 5/5
  1320 | D:2      | Found a hazy altar of Hepliaklqana.
  1376 | D:2      | XOM: divination: magic mapping
  1521 | D:2      | XOM is BORED!
  1540 | D:2      | XOM: divination: detect items
  1754 | D:2      | XOM: give mutations
  1754 | D:2      | Gained mutation: You have sharp fingernails. [Xom's grace]
  1754 | D:2      | Gained mutation: You have sharp toenails. [Xom's grace]
  1754 | D:2      | Gained mutation: You are somewhat resistant to further
                  | mutation. [Xom's grace]
  1885 | D:3      | Reached XP level 6. HP: 35/38 MP: 6/6
  2007 | D:3      | XOM: swap monsters
  2020 | D:3      | XOM: silly message
  2056 | D:3      | XOM: mild Erth miscast
  2148 | D:3      | XOM: cast spell 'Olgreb's Toxic Radiance'
  2169 | D:3      | XOM: harmless Air miscast
  2784 | D:4      | Noticed Ijyb
  2792 | D:3      | Blown up by Ijyb

Levels and vault maps discovered:
D:1:      dpeg_arrival_ternary, layout_basic
D:2:      cheibrodos_fertilizer, layout_basic, nicolae_overflow_crystal_walls,
          chequers_ecumenical_altar_simple
D:3:      layout_loops_corners, first_ration, saegor_snake_ambush
D:4:      layout_loops_corners, minmay_temple_entry_mist, serial_shops, shop,
          ebering_ghost_sewer_d, uniq_ijyb
